 Dungeon Crawl Stone Soup version 0.24.0-2-g5b39cebb1c (webtiles) character file.

Game seed: 15293986792242752548, levelgen mode: deterministic

488 mopl the Firebug (level 7, -5/41 HPs)
             Began as an Octopode Fire Elementalist on Oct 29, 2019.
             Was an Initiate of Vehumet.
             Slain by a worker ant (8 damage)
             ... on level 4 of the Dungeon.
             The game lasted 00:06:12 (3802 turns).

mopl the Firebug (Octopode Fire Elementalist)       Turns: 3802, Time: 00:06:13

Health: -5/41      AC:  1    Str: 12    XL:     7   Next: 13%
Magic:  0/13       EV: 13    Int: 19    God:    Vehumet [......]
Gold:   187        SH:  0    Dex: 12    Spells: 3/14 levels left

rFire    . . .     SeeInvis .   a - +0 whip (elec)
rCold    . . .     Gourm    .   (no shield)
rNeg     . . .     Faith    .   (helmet restricted)
rPois    .         Spirit   .   (no amulet)
rElec    .         Reflect  .   p - +4 ring of strength (curse)
rCorr    .         Harm     .   (no ring)
MR       .....                  (no ring)
Stlth    +++.......             (no ring)
HPRegen  0.13/turn              (no ring)
MPRegen  0.13/turn              (no ring)
                                (no ring)
                                (no ring)

@: very slightly contaminated
A: almost no armour, stealthy swim, amphibious, 8 rings, constrict 8, camouflage
1, gelatinous body 1
a: Renounce Religion


You were on level 4 of the Dungeon.
You worshipped Vehumet.
Vehumet was noncommittal.
You were hungry.

You visited 2 branches of the dungeon, and saw 5 of its levels.

You collected 187 gold pieces.

Inventory:

Hand Weapons
 a - a +0 whip of electrocution (weapon)
 g - a +0 dagger
Missiles
 n - 7 boomerangs (quivered)
Jewellery
 p - a cursed +4 ring of strength (left tentacle)
Scrolls
 b - a scroll of enchant weapon {unknown}
 d - a scroll of teleportation {unknown}
 f - 2 scrolls of remove curse
 h - 2 scrolls of identify {unknown}
 j - a scroll of noise {unknown}
 k - a scroll of blinking {unknown}
 o - a scroll of fear {unknown}
 r - 2 scrolls of magic mapping {unknown}
 t - 3 scrolls of amnesia {unknown}
Potions
 e - a potion of ambrosia {unknown}
 i - a potion of curing
 l - a potion of haste {unknown}
 m - a potion of invisibility {unknown}
 q - a potion of agility {unknown}
 s - a potion of might {unknown}
Comestibles
 c - 8 rations
 u - a chunk of flesh


   Skills:
 - Level 2.0 Dodging
 - Level 2.6 Stealth
 + Level 4.1 Spellcasting
 + Level 4.0 Conjurations
 + Level 1.1 Hexes
 + Level 5.1 Fire Magic


You had 3 spell levels left.
You knew the following spells:

 Your Spells              Type           Power        Failure   Level  Hunger
a - Flame Tongue          Conj/Fire      ###..        1%          1    None
c - Conjure Flame         Conj/Fire      ###.....     6%          3    ###....
d - Sticky Flame          Conj/Fire      ###.....     21%         4    ####...
h - Inner Flame           Hex/Fire       ###.....     12%         3    ###....

Your spell library contained the following spells:

 Spells                   Type           Power        Failure   Level  Hunger
 Throw Flame              Conj/Fire      ###...       3%          2    ##.....
 Fireball                 Conj/Fire      ###.......   50%         5    ######.


Dungeon Overview and Level Annotations

Branches:
Dungeon (4/15)             Temple (1/1) D:4

Altars:
Ashenzari
Kikubaaqudgha
Makhleb
Nemelex Xobeh
Okawaru
Vehumet
Xom
Zin

Shops:
D:4 [

Annotations:
D:4 exclusion: ogre


Innate Abilities, Weirdness & Mutations

You cannot wear most types of armour.
You are very stealthy in the water. (Stealth+)
You are amphibious.
You can wear up to eight rings at the same time.
You can use your tentacles to constrict eight enemies at once.
Your skin changes colour to match your surroundings (Stealth+).
Your rubbery body absorbs attacks. (AC +1, EV +1)


Message History

A worker ant comes into view.
You feel sick.
Okay, then.
You feel sick.
You feel sick. The worker ant misses you.
Casting: Sticky Flame (slightly dangerous; 21% risk of failure)
Confirm with . or Enter, or press ? or * to list all spells.
Aiming: Sticky Flame (slightly dangerous; 21% risk of failure)
Press: ? - help, Shift-Dir - straight line, f - worker ant
Aim: a worker ant The sticky flame hits the worker ant but does no damage.
The worker ant is covered in liquid flames!
You feel sick.
The worker ant burns!
The worker ant bites you!
* * * LOW HITPOINT WARNING * * *
You are lethally poisoned!
The worker ant poisons you!
You feel better.
The worker ant burns!
The worker ant bites you!
* * * LOW HITPOINT WARNING * * *
The worker ant bites you!
You die...

##...###.....######
#....##..##.......#
##...÷.............#
#..........#(......#.#
#...##.....#.........#
##...#.<..............
#####........##....##....
#..###.......##........>.
#...##......(@ah#..##....
##...........####h.......
#.........### ##..##....
##.........# ###..###..#.
#.........## #(.......##
#.......#......#.#†#.....
##..†#..##.....## .# ###.
##...#.##..... .#
#.....##..##. ..


You could see a hound and a worker ant (burning).

Vanquished Creatures
  3 scorpions
  An orc priest (D:4)
  A hound (D:3)
  A bullfrog skeleton (D:4)
  Natasha (thrice) (D:2)
  A worker ant (D:4)
  A killer bee zombie (D:4)
  6 adders
  2 oozes
  A worm (D:2)
  2 dart slugs (D:3)
  A leopard gecko (D:3)
  6 orcs
  6 bats
  2 giant cockroaches
  7 hobgoblins
  4 jackals (D:4)
  3 quokkas (D:4)
  A ball python (D:1)
  6 frilled lizards
  8 goblins
  8 kobolds
  7 rats
81 creatures vanquished.

Notes
Turn   | Place    | Note
-------+----------+-------------------------------------------
     0 | D:1      | mopl the Octopode Fire Elementalist began the quest for the
                  | Orb.
     0 | D:1      | Reached XP level 1. HP: 11/11 MP: 3/3
   119 | D:1      | Reached XP level 2. HP: 8/17 MP: 1/5
   631 | D:1      | Reached XP level 3. HP: 12/21 MP: 2/6
   641 | D:1      | Learned a level 3 spell: Conjure Flame
  1139 | D:2      | Reached XP level 4. HP: 16/27 MP: 0/8
  1212 | D:2      | Learned a level 4 spell: Sticky Flame
  1353 | D:2      | Noticed Natasha
  1360 | D:2      | Killed Natasha
  1459 | D:2      | Noticed Natasha
  1472 | D:2      | Killed Natasha
  1472 | D:2      | Reached skill level 4 in Fire Magic
  1472 | D:2      | Reached XP level 5. HP: 7/31 MP: 2/9
  1476 | D:2      | Noticed Natasha
  1715 | D:2      | Killed Natasha
  2477 | D:4      | Found Peob's Antique Armour Boutique.
  2486 | D:3      | Reached XP level 6. HP: 20/36 MP: 4/11
  3014 | D:4      | Found a staircase to the Ecumenical Temple.
  3055 | Temple   | Entered the Ecumenical Temple
  3179 | Temple   | Became a worshipper of Vehumet
  3488 | D:4      | Learned a level 3 spell: Inner Flame
  3632 | D:4      | Reached skill level 5 in Fire Magic
  3632 | D:4      | Reached XP level 7. HP: 36/41 MP: 8/13
  3789 | D:4      | Reached skill level 1 in Hexes
  3802 | D:4      | Slain by a worker ant

Levels and vault maps discovered:
D:1:      matt_arrival_spirals, layout_rooms
D:2:      layout_rooms, grunt_decor_resistance, uniq_natasha
D:3:      layout_basic
D:4:      layout_cave_pools, nicolae_overflow_hidden_temple, old_standard_altar,
          minmay_temple_entry_stoned_glass, serial_shops, shop, first_ration,
          serial_park_tiny_pond
Temple:   nicolae_temple_figure_eight

Skill      XL: |  1  2  3  4  5  6  7 |
---------------+----------------------+-----
Conjurations   | 2 3 4 |  4.0
Spellcasting   | 3 4 |  4.1
Fire Magic     | 4 5 |  5.1
Hexes          | 1 |  1.1
Dodging        | |  2.0
Stealth        | |  2.6

Action                   |  1- 3 |  4- 6 |  7- 9 || total
-------------------------+-------+-------+-------++-------
Melee: Unarmed           |    17 |       |       ||    17
       Constrict         |    12 |    17 |     1 ||    30
       Tentacles         |     6 |    16 |     1 ||    23
       Dagger            |    31 |     1 |       ||    32
       Whip              |       |    73 |     4 ||    77
 Cast: Flame Tongue      |    38 |    52 |     2 ||    92
       Sticky Flame      |       |       |     2 ||     2
  Use: Potion            |       |     1 |     1 ||     2
       Scroll            |       |     1 |       ||     1
 Stab: Sleeping          |     4 |     6 |     1 ||    11
  Eat: Chunk             |     1 |     8 |       ||     9
Armor: Skin              |     4 |     5 |       ||     9
Dodge: Dodged            |    44 |    83 |     5 ||   132
